 Dungeon Crawl Stone Soup version 0.30.0-21-gd299b56b3f (webtiles) character file.

Game seed: 16701505508507911002

113695 qw the Severer (level 16, -3/108 HPs)
             Began as a Gargoyle Fighter on June 2, 2023.
             Was an Elder of Okawaru.
             Slain by a bone dragon (14 damage)
             ... on level 3 of the Abyss.
             The game lasted 00:15:13 (19700 turns).

qw the Severer (Gargoyle Fighter)                  Turns: 19700, Time: 00:15:13

Health: -3/108     AC: 45    Str: 27    XL:     16   Next: 63%
Magic:  20/21      EV: 17    Int: 16    God:    Okawaru [****..]
Gold:   1027       SH: 20    Dex: 11    Spells: 15/15 levels left

rFire   . . .        f - +2 war axe (vamp)
rCold   . . .        B - +0 tower shield
rNeg    + . .        r - +8 chain mail "Pynamak" {rC+ SInv}
rPois   inf          (no helmet)
rElec   +            u - +2 cloak
rCorr   +            s - +2 pair of gloves
SInv    +            k - +2 pair of boots
Will    +....        q - amulet of regeneration Stlth
                     b - ring of Equilibrium {rCorr Int+6 Dex+2}
HPRegen 1.18/turn    j - +5 ring of evasion
MPRegen 0.17/turn

%: random rage (3%)
@: heroic, flying
A: sickness immunity, AC +12, big wings, negative energy resistance 1,
electricity resistance, torment resistance 1, petrification resistance, claws 1,
talons 1, berserk 1, low MP 1, [cold vulnerability 1]
a: Renounce Religion, Heroism, Finesse


You were on level 3 of the Abyss.
You worshipped Okawaru.
Okawaru was greatly pleased with you.
You visited 3 branches of the dungeon, and saw 20 of its levels.
You visited the Abyss 1 time.

You collected 1249 gold pieces.
You spent 222 gold pieces at shops.


Innate Abilities, Weirdness & Mutations

You are immune to sickness and miasma.
Your stone body is resilient. (AC +12)
You are immune to poison.
Your large and strong wings let you fly.
You resist negative energy. (rN+)
You are resistant to electric shocks. (rElec)
You are resistant to unholy torment.
You are immune to petrification.
You have sharp fingernails.
You have sharp toenails.
You sometimes lose your temper in combat.
Your magical capacity is low. (-10% MP)
[You are vulnerable to cold. (rC-)]


   Skills:
 - Level 15.0(20.0) Fighting
 - Level 16.0(21.0) Axes
 - Level 2.1(7.1) Throwing
 - Level 13.0(18.0) Armour
 - Level 5.0(10.0) Dodging
 + Level 13.9(18.9) Shields
 - Level 10.0 Invocations


You had 15 spell levels left.
You didn't know any spells.
Your spell library was empty.

Inventory:

Hand Weapons
 f - a +2 vampiric war axe (weapon)
 y - a -1 demon whip of venom
 D - a +0 broad axe of electrocution
Armour
 c - +0 acid dragon scales
 i - a +2 helmet
 k - a +2 pair of boots (worn)
 r - the +8 chain mail "Pynamak" (worn) {rC+ SInv}
   (You found it on level 5 of the Dungeon)

   rC:        It protects you from cold.
   SInv:      It lets you see invisible.
 s - a +2 pair of gloves (worn)
 u - a +2 cloak (worn)
 x - the +6 ring mail of Anaesthesia {rF+ Slay+5}
   (You found it on level 3 of the Abyss)

   Slay:      It affects your accuracy & damage with ranged weapons and melee
   (+5).
   rF:        It protects you from fire.
 B - a +0 tower shield (worn)
Jewellery
 b - the ring of Equilibrium (left hand) {rCorr Int+6 Dex+2}
   (You found it on level 5 of the Dungeon)

   [ring of resist corrosion]

   Int:       It affects your intelligence (+6).
   Dex:       It affects your dexterity (+2).
   rCorr:     It protects you from acid and corrosion.
 j - a +5 ring of evasion (right hand)
 q - an amulet of regeneration (around neck)
 v - a ring of fire
Wands
 t - a wand of digging (6)
Scrolls
 l - 2 scrolls of identify
 o - 6 scrolls of teleportation
 w - a scroll of brand weapon
 C - a scroll of enchant armour
Potions
 a - 10 potions of curing
 d - 2 potions of might
 e - 2 potions of cancellation
 g - a potion of resistance
 m - 4 potions of haste
 n - 3 potions of lignification
 p - a potion of attraction
 A - 2 potions of magic

Dungeon Overview and Level Annotations

Branches:
Dungeon (14/15)            Temple (1/1) D:6            Lair (5/5) D:10
 Shoals (0/4) Lair:3        Snake (0/4) Lair:2        Slime (0/5) Lair:5
    Orc (0/2) D:9
 Vaults: D:13-14

Altars:
Ashenzari
Cheibriados
Dithmenos
Elyvilon
Fedhas
Gozag
Hepliaklqana
Kikubaaqudgha
Makhleb
Nemelex Xobeh
Okawaru
Qazlal
Ru
Sif Muna
Trog
Uskayaw
Vehumet
Wu Jian
Xom
Yredelemnul
Zin
The Shining One
Jiyva

Shops:
D:5 ?   D:6 :   D:7 [

Annotations:
D:5 1 runed translucent door, Crazy Yiuf
D:9 3 runed translucent doors, qw's ghost, journeyman GrFi
Lair:2 1 runed translucent door


Message History

You block the ancient zyme's attack. The ancient zyme hits you.
A deafening chorus of shrieks assaults your mind!
The tentacled starspawn completely misses you.
The tentacled starspawn tentacle-slaps you!
You block the bone dragon's attack.
The bone dragon claws you but does no damage.
The bone dragon closely misses you.
You hit the bone dragon but do no damage.
The bone dragon is almost destroyed.
You slice the ancient zyme!!
You destroy the ancient zyme!
Okawaru accepts your kill.
You slash the tentacled starspawn!
Tentacles burst from the starspawn's body!
You block the bone dragon's attack. The bone dragon closely misses you.
You block the bone dragon's attack. 2 starspawn tentacles come into view.
You hit the bone dragon.
The bone dragon is almost destroyed.
You slash the tentacled starspawn!
A starcursed mass splits.
You completely miss the bone dragon.
The bone dragon is almost destroyed.
You slice the tentacled starspawn!! You slice the starcursed mass!!
You destroy the starcursed mass!
Okawaru accepts your kill. The tentacled starspawn bites you.
The tentacled starspawn tentacle-slaps you!
You block the bone dragon's attack. x2; The bone dragon tramples you!
You hold your ground!
You hit the bone dragon.
The bone dragon is almost destroyed.
You slash the starcursed mass!
You hit the tentacled starspawn but do no damage.
The starcursed mass shudders and withdraws towards its neighbour.
A deafening chorus of shrieks assaults your mind!
The tentacled starspawn barely misses you.
The tentacled starspawn tentacle-slaps you!
The bone dragon bites you!
You die...

. . # . . . #
# . .. ... #
..#.# # . ...
# #. ..#.# #.
###>. # #
#.###/# . .
##.@XL## #
#XD##w..# #.
.XXXX#.####.#.
#.#.####w## x
. .. #. # #. #
.. . # . . ..
#.##


You could see a bone dragon, 5 starcursed masses, an ancient lich (invisible), a
tentacled starspawn and a starspawn tentacle (distracted).

Vanquished Creatures
  A bone dragon (Abyss:2)
  A lich (Abyss:3)
  4 tentacled starspawn
  A cacodemon (Abyss:3)
  A lorocyproca (Abyss:3)
  A blizzard demon (Abyss:3)
  Snorg (D:10)
  An eidolon (Abyss:3)
  Harold (D:10)
  11 hydras
  3 centaur warriors
  2 boulder beetles
  3 catoblepae
  7 two-headed ogres
  A deep troll shaman (Lair:5)
  A vampire mage (Abyss:3)
  3 thrashing horrors (Abyss:2)
  22 death yaks
  Amaemon (D:9)
  A sixfirhy (Abyss:3)
  A wretched star (Abyss:2)
  2 skysharks
  12 large abominations (Abyss:3)
  A lindwurm (Lair:5)
  4 ugly things
  2 deep elf pyromancers (D:14)
  Pikel (D:9)
  An oklob plant (Lair:5)
  3 cyclopes (D:12)
  19 elephants
  A worldbinder (Abyss:3)
  8 black mambas
  A rust devil (Abyss:3)
  A water nymph (shapeshifter) (Abyss:3)
  2 smoke demons
  2 torpor snails (Lair:3)
  3 orange demons
  17 cane toads
  An apocalypse crab (Abyss:3)
  An unseen horror (Abyss:2)
  Maggie (D:7)
  3 rime drakes
  A freezing wraith (D:14)
  A dire elephant skeleton (Abyss:2)
  15 komodo dragons
  2 ancient zymes (Abyss:3)
  An alligator snapping turtle skeleton (Abyss:2)
  An efreet (D:14)
  4 hellwings (Abyss:2)
  A harpy zombie (Abyss:3)
  6 trolls
  A polar bear (Lair:5)
  2 hornets
  Grinder (D:4)
  A merfolk zombie (Abyss:3)
  11 blink frogs
  9 raiju (Abyss:3)
  A raiju (shapeshifter) (Abyss:3)
  A harpy skeleton (Abyss:2)
  19 dream sheep
  A stone giant simulacrum (Abyss:3)
  3 slime creatures (D:12)
  41 yaks
  4 ynoxinuls
  3 flying skulls (Abyss:2)
  6 spriggans (Lair:1)
  6 shadows
  6 humans (D:14)
  10 wraiths
  A vampire (Abyss:3)
  2 wyverns
  4 neqoxecs (Abyss:3)
  A steam dragon (D:8)
  5 basilisks
  3 chaos spawn
  4 vampire mosquitoes (D:12)
  Menkaure (D:5)
  4 nagas (Lair:2)
  16 water moccasins
  3 acid dragons
  3 orc warriors
  A naga skeleton (Abyss:3)
  2 sky beasts
  2 black bears
  11 wolves
  5 ogres
  A phantom (D:4)
  18 centaurs
  A kobold brigand (D:8)
  19 bullfrogs
  9 small abominations
  5 scorpions
  A gnoll sergeant (D:5)
  12 wights
  5 killer bees (D:8)
  2 electric eels (Lair:2)
  2 howler monkeys (D:12)
  A quasit (Abyss:3)
  4 orc priests
  3 hounds
  5 jellies
  2 iron imps (Abyss:3)
  28 starcursed masses (Abyss:3)
  A sleepcap (D:6)
  3 iguanas
  15 orc wizards
  Natasha (twice) (D:4)
  Robin (D:2)
  8 gnolls
  8 adders
  2 white imps
  5 ufetubi
  2 worms (D:2)
  4 dart slugs
  32 orcs
  9 ball pythons
  2 endoplasms
  13 goblins
  17 hobgoblins
  11 jackals
  8 kobolds
  7 quokkas
  A bat (D:1)
  12 frilled lizards
  6 rats
  3 lurking horrors (Abyss:2)
  4 starspawn tentacles
674 creatures vanquished.

Vanquished Creatures (others)
  An ufetubus (Abyss:3)
  A lurking horror (Abyss:3)
  25 starspawn tentacles
27 creatures vanquished.

Grand Total: 701 creatures vanquished

Notes
Turn   | Place    | Note
-------+----------+-------------------------------------------
     0 | D:1      | qw the Gargoyle Fighter began the quest for the Orb.
     0 | D:1      | Reached XP level 1. HP: 14/14 MP: 1/1
     0 | D:1      | 0 ||| qw: Version: 0.2-a-102-gdf20003
     0 | D:1      | 0 ||| qw: Game counter: 841
     0 | D:1      | 0 ||| qw: Always use a shield: true
     0 | D:1      | 0 ||| qw: God list: Okawaru
     0 | D:1      | 0 ||| qw: Allow faded altars: false
     0 | D:1      | 0 ||| qw: Do Orc after D:15 true
     0 | D:1      | 0 ||| qw: Do second Lair branch before Depths: true
     0 | D:1      | 0 ||| qw: Lair rune preference: random
     0 | D:1      | 0 ||| qw: Plans: Normal, Zot:1-4, Slime:5, God:TSO, Crypt,
                  | Tomb, Pan, Hells, Abyss, Win
     0 | D:1      | 0 ||| PLANNING D:1-11
    39 | D:1      | Reached skill level 2 in Axes
    39 | D:1      | Reached XP level 2. HP: 16/19 MP: 2/2
   312 | D:1      | 312 ||| Stepping ~*~*~tactically~*~*~ (hiding).
   446 | D:1      | 446 ||| Stepping ~*~*~tactically~*~*~ (stealth).
   449 | D:1      | 449 ||| Stepping ~*~*~tactically~*~*~ (stealth).
   456 | D:1      | Reached skill level 3 in Axes
   460 | D:1      | Reached XP level 3. HP: 14/23 MP: 3/3
   532 | D:1      | 532 ||| DROPPING +0 club.
   635 | D:1      | 635 ||| Stepping ~*~*~tactically~*~*~ (hiding).
   828 | D:1      | You fall into a shaft and drop 1 floor!
   997 | D:2      | 997 ||| READING scroll labelled AVIUMI CAESH.
   998 | D:2      | 998 ||| READING scroll labelled OCICIRHUIRI.
   999 | D:2      | 999 ||| READING scroll labelled ININEQ VUCLIJ.
  1239 | D:1      | Reached XP level 4. HP: 28/28 MP: 4/4
  1261 | D:1      | Found a faded altar of an unknown god.
  1296 | D:2      | 1296 ||| STAIRDANCE
  1317 | D:2      | 1317 ||| STAIRDANCE
  1326 | D:1      | Reached skill level 4 in Axes
  1352 | D:2      | 1352 ||| Stepping ~*~*~tactically~*~*~ (stealth).
  1357 | D:2      | Noticed Robin
  1366 | D:2      | Killed Robin
  1469 | D:2      | 1469 ||| Stepping ~*~*~tactically~*~*~ (stealth).
  1500 | D:2      | Found a broken altar of Ashenzari.
  1545 | D:2      | 1545 ||| Stepping ~*~*~tactically~*~*~ (stealth).
  1807 | D:2      | Reached XP level 5. HP: 32/32 MP: 5/5
  1894 | D:2      | 1894 ||| UPGRADING to +2 helmet.
  1899 | D:2      | 1899 ||| UPGRADING to +1 ring mail of cold resistance.
  1924 | D:2      | 1924 ||| READING scroll labelled TEP DIUTUHYB.
  1925 | D:2      | 1925 ||| READING 2 scrolls labelled VUNKOQ VONUZU.
  1926 | D:2      | 1926 ||| READING scroll labelled XAUTACS RALA.
  1927 | D:2      | 1927 ||| READING 2 scrolls of identify.
  1927 | D:2      | 1927 ||| IDENTIFYING sedimented golden potion
  1928 | D:2      | 1928 ||| DROPPING scroll of noise.
  2189 | D:3      | 2189 ||| Stepping ~*~*~tactically~*~*~ (stealth).
  2281 | D:3      | 2281 ||| Stepping ~*~*~tactically~*~*~ (hiding).
  2282 | D:3      | 2282 ||| Stepping ~*~*~tactically~*~*~ (hiding).
  2284 | D:3      | 2284 ||| Stepping ~*~*~tactically~*~*~ (hiding).
  2294 | D:3      | Reached skill level 5 in Axes
  2348 | D:3      | 2348 ||| DROPPING +0 mace.
  2449 | D:3      | Found a sacrificial altar of Ru.
  2509 | D:3      | Reached skill level 1 in Dodging
  2848 | D:3      | 2848 ||| READING scroll labelled HAJEAG VEOQ AMEE.
  2849 | D:3      | 2849 ||| READING 2 scrolls labelled ZAOCAT LOSOIMOCELL.
  2853 | D:3      | 2853 ||| READING 3 scrolls labelled VIERISM XOFIS.
  2854 | D:3      | 2854 ||| READING scroll labelled REOPHO GENIERA.
  2855 | D:3      | 2855 ||| READING 3 scrolls labelled JAKOTO UTESUQI.
  2856 | D:3      | 2856 ||| READING 3 scrolls of identify.
  2856 | D:3      | 2856 ||| IDENTIFYING grey potion
  2857 | D:3      | 2857 ||| READING 2 scrolls of identify.
  2857 | D:3      | 2857 ||| IDENTIFYING viscous grey potion
  2858 | D:3      | 2858 ||| DROPPING 2 scrolls of immolation.
  2875 | D:4      | Reached XP level 6. HP: 38/38 MP: 6/6
  2973 | D:4      | Reached skill level 6 in Axes
  3076 | D:4      | 3076 ||| DROPPING +1 war axe of venom.
  3249 | D:4      | Noticed Grinder
  3251 | D:4      | Paralysed by Grinder for 4 turns
  3275 | D:4      | Killed Grinder
  3276 | D:4      | Reached XP level 7. HP: 23/43 MP: 7/7
  3383 | D:4      | 3383 ||| Stepping ~*~*~tactically~*~*~ (stealth).
  3384 | D:4      | 3384 ||| Stepping ~*~*~tactically~*~*~ (stealth).
  3402 | D:4      | 3402 ||| Stepping ~*~*~tactically~*~*~ (hiding).
  3412 | D:4      | Reached skill level 7 in Axes
  3427 | D:4      | Noticed Natasha
  3432 | D:4      | Killed Natasha
  3458 | D:4      | Noticed Natasha
  3459 | D:4      | 3459 ||| Stepping ~*~*~tactically~*~*~ (hiding).
  3478 | D:4      | Killed Natasha
  3789 | D:4      | 3789 ||| DROPPING +0 scale mail.
  3790 | D:4      | 3790 ||| UPGRADING to +0 chain mail.
  3800 | D:4      | 3800 ||| READING scroll labelled BICWES KOOQ.
  3801 | D:4      | 3801 ||| READING scroll labelled VYRUAN UTT.
  3834 | D:4      | 3834 ||| READING scroll labelled FOVYES MYUWI.
  3835 | D:4      | 3835 ||| READING 3 scrolls of identify.
  3835 | D:4      | 3835 ||| IDENTIFYING pink potion
  3836 | D:4      | 3836 ||| READING 2 scrolls of identify.
  3836 | D:4      | 3836 ||| IDENTIFYING golden potion
  3837 | D:4      | 3837 ||| DROPPING potion of ambrosia.
  3838 | D:4      | 3838 ||| DROPPING potion of magic.
  3863 | D:5      | Entered Level 5 of the Dungeon
  3865 | D:5      | Identified the ring of Equilibrium {rCorr Int+6 Dex+2}
  3879 | D:5      | Noticed Menkaure
  3889 | D:5      | Killed Menkaure
  3890 | D:5      | Reached XP level 8. HP: 46/51 MP: 8/8
  3938 | D:5      | 3938 ||| Stepping ~*~*~tactically~*~*~ (hiding).
  3940 | D:5      | 3940 ||| Stepping ~*~*~tactically~*~*~ (hiding).
  3952 | D:5      | 3952 ||| Stepping ~*~*~tactically~*~*~ (stealth).
  4023 | D:5      | 4023 ||| DROPPING +0 flail.
  4331 | D:5      | Identified the +8 chain mail "Pynamak" {rC+ SInv}
  4479 | D:5      | Found a runed translucent door.
  4480 | D:5      | Noticed Crazy Yiuf
  4734 | D:5      | Found Remeryos's Magic Scroll Boutique.
  4739 | D:5      | 4739 ||| BUYING 3 scrolls of identify (72 gold).
  4739 | D:5      | Bought 3 scrolls of identify for 72 gold pieces
  4739 | D:5      | 4739 ||| BUYING scroll of brand weapon (114 gold).
  4739 | D:5      | Bought a scroll of brand weapon for 114 gold pieces
  4739 | D:5      | 4739 ||| SHOPLISTING scroll of enchant armour (90 gold,
                  | have 78).
  4739 | D:5      | 4739 ||| BUYING scroll of teleportation (36 gold).
  4739 | D:5      | Bought a scroll of teleportation for 36 gold pieces
  4899 | D:5      | 4899 ||| DROPPING +1 ring mail of cold resistance.
  4900 | D:5      | 4900 ||| UPGRADING to +8 chain mail "Pynamak" {rC+ SInv}.
  4910 | D:5      | 4910 ||| DROPPING +0 chain mail.
  4911 | D:5      | 4911 ||| UPGRADING to +0 cloak.
  4916 | D:5      | 4916 ||| READING 2 scrolls of enchant armour.
  4916 | D:5      | 4916 ||| ENCHANTING +0 cloak.
  4917 | D:5      | 4917 ||| READING scroll of enchant armour.
  4917 | D:5      | 4917 ||| ENCHANTING +1 cloak.
  4918 | D:5      | 4918 ||| UPGRADING to amulet of regeneration.
  4923 | D:5      | 4923 ||| UPGRADING to ring of Equilibrium {rCorr Int+6
                  | Dex+2}.
  4924 | D:5      | 4924 ||| READING 2 scrolls labelled JOORUU KEMAJO.
  4925 | D:5      | 4925 ||| READING 4 scrolls of identify.
  4925 | D:5      | 4925 ||| IDENTIFYING lumpy black potion
  4926 | D:5      | 4926 ||| READING 3 scrolls of identify.
  4926 | D:5      | 4926 ||| IDENTIFYING silvery potion
  4927 | D:5      | 4927 ||| READING 2 scrolls of identify.
  4927 | D:5      | 4927 ||| IDENTIFYING inky potion
  4928 | D:5      | 4928 ||| DROPPING potion of flight.
  4929 | D:5      | 4929 ||| DROPPING potion of berserk rage.
  4930 | D:5      | 4930 ||| DROPPING potion of brilliance.
  4931 | D:5      | 4931 ||| DROPPING scroll of blinking.
  4972 | D:6      | 4972 ||| Stepping ~*~*~tactically~*~*~ (stealth).
  4982 | D:6      | Reached skill level 8 in Axes
  5048 | D:6      | Found Xuuff's Vocational Training.
  5072 | D:6      | Reached skill level 6 in Fighting
  5208 | D:6      | Reached skill level 1 in Throwing
  5251 | D:6      | 5251 ||| Stepping ~*~*~tactically~*~*~ (stealth).
  5417 | D:6      | Reached XP level 9. HP: 55/55 MP: 9/9
  5501 | D:6      | Noticed a hornet
  5508 | D:6      | Killed a hornet
  5509 | D:6      | Reached skill level 9 in Axes
  5825 | D:6      | 5825 ||| READING scroll labelled PIBBYLLOCOA.
  5926 | D:6      | 5926 ||| DRINKING 2 metallic white potions.
  5946 | D:6      | 5946 ||| READING 2 scrolls of identify.
  5946 | D:6      | 5946 ||| IDENTIFYING sapphire potion
  6019 | D:7      | Noticed a two-headed ogre
  6041 | D:7      | Killed a two-headed ogre
  6110 | D:7      | 6110 ||| Stepping ~*~*~tactically~*~*~ (hiding).
  6129 | D:7      | Found a hide-covered altar of Uskayaw.
  6236 | D:7      | 6236 ||| READING 2 scrolls of identify.
  6236 | D:7      | 6236 ||| IDENTIFYING puce potion
  6252 | D:6      | Found a staircase to the Ecumenical Temple.
  6253 | D:6      | 6253 ||| PLANNING TEMPLE
  6257 | Temple   | Entered the Ecumenical Temple
  6315 | Temple   | 6315 ||| PLANNING OKAWARU WORSHIP
  6440 | Temple   | Became a worshipper of Warmaster Okawaru
  6440 | Temple   | 6440 ||| PLANNING D:1-11
  6522 | D:7      | Found Deajolul's Antique Armour Emporium.
  6549 | D:7      | Reached XP level 10. HP: 65/65 MP: 10/10
  6693 | D:7      | Reached skill level 10 in Axes
  6813 | D:7      | Noticed Maggie
  6814 | D:7      | 6814 ||| Stepping ~*~*~tactically~*~*~ (hiding).
  6835 | D:7      | HP: 13/65 [Maggie/bolt of fire (23)]
  6836 | D:7      | 6836 ||| READING 2 scrolls of teleportation.
  6837 | D:7      | Killed Maggie
  6837 | D:7      | Reached * piety under Okawaru
  6972 | D:7      | 6972 ||| UPGRADING to +0 pair of gloves.
  6977 | D:7      | 6977 ||| READING scroll of enchant armour.
  6977 | D:7      | 6977 ||| ENCHANTING +0 pair of gloves.
  6996 | D:8      | 6996 ||| INVOKING Heroism.
  7053 | D:8      | Reached skill level 1 in Invocations
  7055 | D:8      | 7055 ||| DROPPING +1 heavy flail.
  7074 | D:8      | 7074 ||| INVOKING Heroism.
  7085 | D:8      | 7085 ||| INVOKING Heroism.
  7087 | D:8      | 7087 ||| DRINKING 5 potions of curing.
  7087 | D:8      | 7087 ||| (to cure confusion)
  7196 | D:8      | 7196 ||| Stepping ~*~*~tactically~*~*~ (stealth).
  7218 | D:8      | Reached skill level 6 in Armour
  7243 | D:8      | 7243 ||| INVOKING Heroism.
  7365 | D:8      | 7365 ||| Stepping ~*~*~tactically~*~*~ (hiding).
  7384 | D:8      | 7384 ||| INVOKING Heroism.
  7413 | D:8      | Found a shadowy altar of Dithmenos.
  7495 | D:8      | Found a sparkling altar of Nemelex Xobeh.
  7694 | D:8      | 7694 ||| UPGRADING to +0 pair of boots.
  7699 | D:8      | 7699 ||| READING 2 scrolls of identify.
  7699 | D:8      | 7699 ||| IDENTIFYING orange potion
  7700 | D:8      | 7700 ||| DROPPING potion of invisibility.
  7734 | D:9      | 7734 ||| Stepping ~*~*~tactically~*~*~ (stealth).
  7757 | D:9      | Reached skill level 3 in Invocations
  7781 | D:9      | 7781 ||| DRINKING 5 potions of curing.
  7781 | D:9      | 7781 ||| (to cure confusion)
  7839 | D:9      | Found an ancient bone altar of Kikubaaqudgha.
  7840 | D:9      | 7840 ||| Stepping ~*~*~tactically~*~*~ (stealth).
  7841 | D:9      | Noticed Pikel
  7848 | D:9      | Killed Pikel
  7848 | D:9      | Reached ** piety under Okawaru
  7856 | D:9      | Reached skill level 11 in Axes
  7857 | D:9      | 7857 ||| Stepping ~*~*~tactically~*~*~ (stealth).
  7979 | D:9      | Found a runed translucent gate.
  7979 | D:9      | Found a runed translucent gate.
  7979 | D:9      | Found a runed translucent gate.
  7982 | D:9      | Noticed qw's ghost (journeyman GrFi)
  8010 | D:9      | Noticed an orange demon
  8010 | D:9      | Noticed Amaemon
  8011 | D:9      | 8011 ||| INVOKING Heroism.
  8027 | D:9      | Reached XP level 11. HP: 64/69 MP: 12/14
  8034 | D:9      | Reached skill level 9 in Fighting
  8037 | D:9      | 8037 ||| INVOKING Heroism.
  8042 | D:9      | Killed Amaemon
  8059 | D:9      | 8059 ||| DROPPING +4 morningstar of freezing.
  8108 | D:9      | Found a staircase to the Orcish Mines.
  8141 | D:9      | 8141 ||| INVOKING Heroism.
  8225 | D:9      | 8225 ||| READING scroll of enchant armour.
  8225 | D:9      | 8225 ||| ENCHANTING +1 pair of gloves.
  8261 | D:9      | Reached *** piety under Okawaru
  8276 | D:9      | Noticed a two-headed ogre
  8354 | D:9      | 8354 ||| INVOKING Heroism.
  8365 | D:9      | Killed a two-headed ogre
  8366 | D:9      | Reached skill level 12 in Axes
  8402 | D:9      | 8402 ||| Stepping ~*~*~tactically~*~*~ (hiding).
  8403 | D:9      | 8403 ||| Stepping ~*~*~tactically~*~*~ (stealth).
  8408 | D:9      | 8408 ||| INVOKING Heroism.
  8410 | D:9      | 8410 ||| Stepping ~*~*~tactically~*~*~ (hiding).
  8436 | D:9      | 8436 ||| Stepping ~*~*~tactically~*~*~ (stealth).
  8463 | D:9      | Found a viscous altar of Jiyva.
  8466 | D:9      | 8466 ||| DRINKING 2 dark potions.
  8466 | D:9      | Gained mutation: You have a somewhat thin skeletal
                  | structure. (Dex +2, Stealth+) [potion of mutation]
  8466 | D:9      | Gained mutation: You have large cloven feet. [potion of
                  | mutation]
  8489 | D:10     | Entered Level 10 of the Dungeon
  8490 | D:10     | Noticed Harold
  8491 | D:10     | 8491 ||| INVOKING Heroism.
  8513 | D:10     | Killed Harold
  8514 | D:10     | Reached skill level 6 in Shields
  8516 | D:10     | Noticed a two-headed ogre
  8522 | D:10     | 8522 ||| INVOKING Heroism.
  8523 | D:10     | 8523 ||| DRINKING 4 potions of curing.
  8523 | D:10     | 8523 ||| (to cure confusion)
  8540 | D:10     | Killed a two-headed ogre
  8541 | D:10     | Reached skill level 3 in Dodging
  8546 | D:10     | Reached **** piety under Okawaru
  8566 | D:10     | Noticed Snorg
  8567 | D:10     | 8567 ||| INVOKING Heroism.
  8583 | D:10     | Killed Snorg
  8583 | D:10     | Received a gift from Okawaru
  9057 | D:10     | Noticed a two-headed ogre
  9058 | D:10     | 9058 ||| INVOKING Heroism.
  9067 | D:10     | Killed a two-headed ogre
  9068 | D:10     | Reached XP level 12. HP: 77/77 MP: 13/15
  9127 | D:10     | Found a staircase to the Lair.
  9139 | D:10     | 9139 ||| INVOKING Heroism.
  9245 | D:10     | 9245 ||| PLANNING LAIR
  9245 | D:10     | 9245 ||| READING 2 scrolls of identify.
  9245 | D:10     | 9245 ||| IDENTIFYING blue potion
  9295 | Lair:1   | Entered Level 1 of the Lair of Beasts
  9314 | Lair:1   | 9314 ||| INVOKING Heroism.
  9363 | Lair:1   | 9363 ||| Stepping ~*~*~tactically~*~*~ (stealth).
  9395 | Lair:1   | Reached skill level 6 in Invocations
  9442 | Lair:1   | 9442 ||| INVOKING Heroism.
  9444 | Lair:1   | 9444 ||| Stepping ~*~*~tactically~*~*~ (stealth).
  9483 | Lair:1   | 9483 ||| Stepping ~*~*~tactically~*~*~ (stealth).
  9640 | Lair:1   | Reached ***** piety under Okawaru
  9735 | Lair:1   | Identified the +8 dagger "Qestrufo" {protect, Fragile rElec
                  | rF++}
 10180 | Lair:1   | 10180 ||| READING scroll labelled QIUTSY JEIPSE.
 10181 | Lair:1   | 10181 ||| READING 3 scrolls of identify.
 10181 | Lair:1   | 10181 ||| IDENTIFYING fuming orange potion
 10182 | Lair:1   | 10182 ||| DROPPING potion of degeneration.
 10218 | Lair:2   | 10218 ||| STAIRDANCE
 10307 | Lair:2   | 10307 ||| READING scroll of enchant armour.
 10307 | Lair:2   | 10307 ||| ENCHANTING +0 pair of boots.
 10341 | Lair:2   | Noticed a death yak
 10341 | Lair:2   | Noticed a death yak
 10342 | Lair:2   | 10342 ||| INVOKING Heroism.
 10343 | Lair:2   | 10343 ||| INVOKING Finesse.
 10346 | Lair:2   | Noticed a death yak
 10362 | Lair:2   | Killed a death yak
 10363 | Lair:2   | Reached skill level 13 in Axes
 10384 | Lair:2   | Killed a death yak
 10385 | Lair:2   | Killed a death yak
 10385 | Lair:2   | Identified the +6 chain mail of the Beginning {Fly Str+3
                  | Int+2} (Okawaru gifted it to you on level 2 of the Lair of
                  | Beasts)
 10385 | Lair:2   | Received a gift from Okawaru
 10429 | Lair:2   | Noticed a death yak
 10430 | Lair:2   | 10430 ||| INVOKING Heroism.
 10431 | Lair:2   | 10431 ||| INVOKING Finesse.
 10431 | Lair:2   | Noticed a death yak
 10432 | Lair:2   | 10432 ||| Stepping ~*~*~tactically~*~*~ (stealth).
 10453 | Lair:2   | Killed a death yak
 10455 | Lair:2   | Noticed a death yak
 10456 | Lair:2   | 10456 ||| Stepping ~*~*~tactically~*~*~ (stealth).
 10486 | Lair:2   | Noticed a death yak
 10487 | Lair:2   | 10487 ||| Stepping ~*~*~tactically~*~*~ (stealth).
 10489 | Lair:2   | 10489 ||| INVOKING Finesse.
 10490 | Lair:2   | 10490 ||| INVOKING Heroism.
 10498 | Lair:2   | Killed a death yak
 10514 | Lair:2   | Killed a death yak
 10515 | Lair:2   | Reached skill level 9 in Armour
 10528 | Lair:2   | Killed a death yak
 10570 | Lair:2   | 10570 ||| READING scroll of enchant armour.
 10570 | Lair:2   | 10570 ||| ENCHANTING +1 pair of boots.
 10604 | Lair:2   | Found a staircase to the Snake Pit.
 10604 | Lair:2   | Noticed a four-headed hydra
 10605 | Lair:2   | 10605 ||| Stepping ~*~*~tactically~*~*~ (hiding).
 10607 | Lair:2   | 10607 ||| Stepping ~*~*~tactically~*~*~ (hiding).
 10613 | Lair:2   | 10613 ||| INVOKING Heroism.
 10618 | Lair:2   | 10618 ||| SWAPPING to -1 demon whip of venom.
 10627 | Lair:2   | Reached skill level 9 in Invocations
 10642 | Lair:2   | Killed a four-headed hydra
 10643 | Lair:2   | 10643 ||| SWAPPING to +0 vampiric war axe.
 10732 | Lair:2   | Reached XP level 13. HP: 82/82 MP: 19/19
 10933 | Lair:2   | 10933 ||| READING 2 scrolls of enchant weapon.
 10933 | Lair:2   | 10933 ||| ENCHANTING +0 vampiric war axe.
 10934 | Lair:2   | 10934 ||| READING scroll of enchant weapon.
 10934 | Lair:2   | 10934 ||| ENCHANTING +1 vampiric war axe.
 11045 | Lair:2   | Found a runed translucent door.
 11366 | Lair:3   | 11366 ||| INVOKING Heroism.
 11425 | Lair:3   | 11425 ||| INVOKING Heroism.
 11447 | Lair:3   | 11447 ||| SWAPPING to -1 demon whip of venom.
 11460 | Lair:3   | 11460 ||| SWAPPING to +2 vampiric war axe.
 11471 | Lair:3   | 11471 ||| Stepping ~*~*~tactically~*~*~ (stealth).
 11486 | Lair:3   | 11486 ||| INVOKING Heroism.
 11496 | Lair:3   | Reached skill level 14 in Axes
 11539 | Lair:3   | 11539 ||| INVOKING Heroism.
 11592 | Lair:3   | Received a gift from Okawaru
 11638 | Lair:3   | 11638 ||| Stepping ~*~*~tactically~*~*~ (stealth).
 11847 | Lair:3   | 11847 ||| INVOKING Heroism.
 11959 | Lair:3   | 11959 ||| INVOKING Heroism.
 11980 | Lair:3   | 11980 ||| SWAPPING to -1 demon whip of venom.
 11991 | Lair:3   | 11991 ||| INVOKING Heroism.
 11998 | Lair:3   | 11998 ||| Stepping ~*~*~tactically~*~*~ (hiding).
 11999 | Lair:3   | 11999 ||| SWAPPING to +2 vampiric war axe.
 12089 | Lair:3   | 12089 ||| INVOKING Heroism.
 12090 | Lair:3   | 12090 ||| SWAPPING to -1 demon whip of venom.
 12097 | Lair:3   | 12097 ||| SWAPPING to +2 vampiric war axe.
 12147 | Lair:3   | 12147 ||| INVOKING Heroism.
 12416 | Lair:3   | Reached skill level 15 in Axes
 12451 | Lair:3   | 12451 ||| Stepping ~*~*~tactically~*~*~ (stealth).
 12462 | Lair:3   | 12462 ||| Stepping ~*~*~tactically~*~*~ (stealth).
 12480 | Lair:3   | Gained mutation: Your large and strong wings let you fly.
                  | [Gargoyle growth]
 12480 | Lair:3   | Reached XP level 14. HP: 90/90 MP: 21/21
 12630 | Lair:3   | 12630 ||| Stepping ~*~*~tactically~*~*~ (stealth).
 12631 | Lair:3   | 12631 ||| Stepping ~*~*~tactically~*~*~ (stealth).
 12632 | Lair:3   | 12632 ||| Stepping ~*~*~tactically~*~*~ (stealth).
 12633 | Lair:3   | 12633 ||| Stepping ~*~*~tactically~*~*~ (stealth).
 12637 | Lair:3   | 12637 ||| Stepping ~*~*~tactically~*~*~ (hiding).
 12638 | Lair:3   | 12638 ||| Stepping ~*~*~tactically~*~*~ (hiding).
 12651 | Lair:3   | Found a staircase to the Shoals.
 12772 | Lair:3   | 12772 ||| DROPPING +6 chain mail of the Beginning {Fly
                  | Str+3 Int+2}.
 12773 | Lair:3   | 12773 ||| DROPPING +2 pair of gloves.
 13063 | Lair:4   | 13063 ||| Stepping ~*~*~tactically~*~*~ (stealth).
 13065 | Lair:4   | 13065 ||| Stepping ~*~*~tactically~*~*~ (stealth).
 13214 | Lair:4   | Reached skill level 12 in Fighting
 13335 | Lair:4   | 13335 ||| Stepping ~*~*~tactically~*~*~ (stealth).
 13545 | Lair:4   | 13545 ||| INVOKING Heroism.
 13546 | Lair:4   | 13546 ||| INVOKING Finesse.
 13573 | Lair:4   | Received a gift from Okawaru
 13705 | Lair:4   | 13705 ||| FLEEEEING.
 13711 | Lair:4   | 13711 ||| FLEEEEING.
 13712 | Lair:4   | 13712 ||| FLEEEEING.
 13713 | Lair:4   | 13713 ||| FLEEEEING.
 13714 | Lair:4   | 13714 ||| FLEEEEING.
 13715 | Lair:4   | 13715 ||| FLEEEEING.
 13716 | Lair:4   | 13716 ||| FLEEEEING.
 13718 | Lair:4   | 13718 ||| FLEEEEING.
 13719 | Lair:4   | 13719 ||| FLEEEEING.
 13720 | Lair:4   | 13720 ||| FLEEEEING.
 13721 | Lair:4   | 13721 ||| FLEEEEING.
 13723 | Lair:4   | 13723 ||| FLEEEEING.
 13724 | Lair:4   | 13724 ||| FLEEEEING.
 13725 | Lair:4   | 13725 ||| FLEEEEING.
 13726 | Lair:4   | 13726 ||| FLEEEEING.
 13727 | Lair:4   | 13727 ||| FLEEEEING.
 13728 | Lair:4   | 13728 ||| FLEEEEING.
 13729 | Lair:4   | 13729 ||| FLEEEEING.
 13730 | Lair:4   | 13730 ||| FLEEEEING.
 13731 | Lair:4   | 13731 ||| FLEEEEING.
 13732 | Lair:4   | 13732 ||| STAIRDANCE
 13734 | Lair:3   | 13734 ||| DROPPING scarf of harm.
 13735 | Lair:3   | 13735 ||| UPGRADING to +5 ring of evasion.
 13738 | Lair:4   | 13738 ||| STAIRDANCE
 13740 | Lair:3   | 13740 ||| INVOKING Heroism.
 13753 | Lair:4   | 13753 ||| Stepping ~*~*~tactically~*~*~ (stealth).
 13760 | Lair:4   | 13760 ||| Stepping ~*~*~tactically~*~*~ (stealth).
 13765 | Lair:4   | 13765 ||| Stepping ~*~*~tactically~*~*~ (stealth).
 13772 | Lair:4   | 13772 ||| Stepping ~*~*~tactically~*~*~ (stealth).
 13805 | Lair:4   | Identified the +2 robe of Deruzepa {Str+5}
 13889 | Lair:4   | Identified the +8 rapier "Tulituith" {distort, rElec}
 13919 | Lair:4   | 13919 ||| Stepping ~*~*~tactically~*~*~ (stealth).
 13922 | Lair:4   | 13922 ||| Stepping ~*~*~tactically~*~*~ (stealth).
 13957 | Lair:5   | Entered Level 5 of the Lair of Beasts
 13958 | Lair:5   | 13958 ||| INVOKING Heroism.
 13959 | Lair:5   | 13959 ||| INVOKING Finesse.
 13969 | Lair:5   | 13969 ||| SWAPPING to -1 demon whip of venom.
 13984 | Lair:5   | 13984 ||| SWAPPING to +2 vampiric war axe.
 13994 | Lair:5   | 13994 ||| Stepping ~*~*~tactically~*~*~ (stealth).
 14024 | Lair:5   | 14024 ||| Stepping ~*~*~tactically~*~*~ (stealth).
 14025 | Lair:5   | 14025 ||| Stepping ~*~*~tactically~*~*~ (stealth).
 14071 | Lair:5   | 14071 ||| INVOKING Heroism.
 14072 | Lair:5   | 14072 ||| INVOKING Finesse.
 14075 | Lair:5   | 14075 ||| SWAPPING to -1 demon whip of venom.
 14082 | Lair:5   | 14082 ||| SWAPPING to +2 vampiric war axe.
 14105 | Lair:5   | Reached skill level 16 in Axes
 14157 | Lair:5   | 14157 ||| INVOKING Heroism.
 14158 | Lair:5   | 14158 ||| Stepping ~*~*~tactically~*~*~ (stealth).
 14159 | Lair:5   | 14159 ||| INVOKING Finesse.
 14164 | Lair:5   | 14164 ||| Stepping ~*~*~tactically~*~*~ (stealth).
 14166 | Lair:5   | 14166 ||| Stepping ~*~*~tactically~*~*~ (stealth).
 14200 | Lair:5   | 14200 ||| INVOKING Heroism.
 14245 | Lair:5   | 14245 ||| Stepping ~*~*~tactically~*~*~ (stealth).
 14250 | Lair:5   | 14250 ||| Stepping ~*~*~tactically~*~*~ (stealth).
 14255 | Lair:5   | 14255 ||| Stepping ~*~*~tactically~*~*~ (hiding).
 14257 | Lair:5   | 14257 ||| Stepping ~*~*~tactically~*~*~ (hiding).
 14362 | Lair:5   | 14362 ||| INVOKING Heroism.
 14363 | Lair:5   | 14363 ||| Stepping ~*~*~tactically~*~*~ (stealth).
 14364 | Lair:5   | 14364 ||| INVOKING Finesse.
 14365 | Lair:5   | 14365 ||| Stepping ~*~*~tactically~*~*~ (hiding).
 14508 | Lair:5   | 14508 ||| Stepping ~*~*~tactically~*~*~ (stealth).
 14557 | Lair:5   | 14557 ||| INVOKING Heroism.
 14558 | Lair:5   | 14558 ||| INVOKING Finesse.
 14572 | Lair:5   | Reached XP level 15. HP: 98/98 MP: 15/22
 14594 | Lair:5   | Reached skill level 9 in Shields
 14627 | Lair:5   | 14627 ||| Stepping ~*~*~tactically~*~*~ (stealth).
 14644 | Lair:5   | 14644 ||| Stepping ~*~*~tactically~*~*~ (hiding).
 14647 | Lair:5   | 14647 ||| INVOKING Heroism.
 14648 | Lair:5   | 14648 ||| INVOKING Finesse.
 14656 | Lair:5   | 14656 ||| SWAPPING to -1 demon whip of venom.
 14662 | Lair:5   | Received a gift from Okawaru
 14663 | Lair:5   | 14663 ||| SWAPPING to +2 vampiric war axe.
 14701 | Lair:5   | 14701 ||| INVOKING Heroism.
 14726 | Lair:5   | Identified the +6 quarterstaff "Iwaq" {antimagic, rCorr
                  | Int-4 Dex+8}
 14759 | Lair:5   | 14759 ||| INVOKING Heroism.
 14969 | Lair:5   | 14969 ||| INVOKING Heroism.
 14970 | Lair:5   | 14970 ||| INVOKING Finesse.
 14974 | Lair:5   | 14974 ||| SWAPPING to -1 demon whip of venom.
 14983 | Lair:5   | 14983 ||| SWAPPING to +2 vampiric war axe.
 15055 | Lair:5   | 15055 ||| Stepping ~*~*~tactically~*~*~ (stealth).
 15056 | Lair:5   | 15056 ||| Stepping ~*~*~tactically~*~*~ (stealth).
 15057 | Lair:5   | 15057 ||| Stepping ~*~*~tactically~*~*~ (stealth).
 15100 | Lair:5   | Found a viscous altar of Jiyva.
 15102 | Lair:5   | 15102 ||| INVOKING Heroism.
 15103 | Lair:5   | 15103 ||| INVOKING Finesse.
 15104 | Lair:5   | Found a staircase to the Slime Pits.
 15106 | Lair:5   | 15106 ||| SWAPPING to -1 demon whip of venom.
 15115 | Lair:5   | 15115 ||| SWAPPING to +2 vampiric war axe.
 15256 | Lair:5   | 15256 ||| PLANNING D:1-11
 15449 | D:11     | Identified a scroll of acquirement
 15455 | D:11     | 15455 ||| READING scroll of acquirement.
 15455 | D:11     | 15455 ||| ACQUIRING +0 buckler of fire resistance
 15455 | D:11     | Acquired a +0 buckler of fire resistance
 15457 | D:11     | 15457 ||| UPGRADING to +0 buckler of fire resistance.
 15467 | D:11     | 15467 ||| DROPPING +0 buckler.
 15756 | D:11     | Found a bloodstained altar of Trog.
 15992 | D:11     | 15992 ||| Stepping ~*~*~tactically~*~*~ (stealth).
 16104 | D:11     | 16104 ||| PLANNING D
 16104 | D:11     | 16104 ||| DROPPING amulet of guardian spirit.
 16132 | D:12     | 16132 ||| Stepping ~*~*~tactically~*~*~ (hiding).
 16134 | D:12     | 16134 ||| Stepping ~*~*~tactically~*~*~ (hiding).
 16330 | D:12     | 16330 ||| Stepping ~*~*~tactically~*~*~ (stealth).
 16727 | D:12     | 16727 ||| Stepping ~*~*~tactically~*~*~ (stealth).
 16730 | D:12     | 16730 ||| Stepping ~*~*~tactically~*~*~ (hiding).
 16746 | D:12     | Reached skill level 12 in Armour
 16758 | D:12     | 16758 ||| Stepping ~*~*~tactically~*~*~ (stealth).
 17046 | D:13     | 17046 ||| Stepping ~*~*~tactically~*~*~ (stealth).
 17047 | D:13     | 17047 ||| Stepping ~*~*~tactically~*~*~ (stealth).
 17165 | D:13     | 17165 ||| Stepping ~*~*~tactically~*~*~ (hiding).
 17200 | D:13     | 17200 ||| Stepping ~*~*~tactically~*~*~ (hiding).
 17202 | D:13     | 17202 ||| Stepping ~*~*~tactically~*~*~ (hiding).
 17233 | D:13     | 17233 ||| Stepping ~*~*~tactically~*~*~ (hiding).
 17237 | D:13     | 17237 ||| INVOKING Heroism.
 17238 | D:13     | 17238 ||| SWAPPING to -1 demon whip of venom.
 17239 | D:13     | 17239 ||| INVOKING Finesse.
 17246 | D:13     | 17246 ||| SWAPPING to +2 vampiric war axe.
 17304 | D:13     | 17304 ||| Stepping ~*~*~tactically~*~*~ (hiding).
 17976 | D:14     | 17976 ||| READING scroll of acquirement.
 17976 | D:14     | 17976 ||| ACQUIRING +0 broad axe of electrocution
 17976 | D:14     | Acquired a +0 broad axe of electrocution
 17978 | D:14     | 17978 ||| DROPPING +0 broad axe of venom.
 18021 | D:14     | 18021 ||| INVOKING Heroism.
 18022 | D:14     | 18022 ||| INVOKING Finesse.
 18026 | D:14     | 18026 ||| SWAPPING to -1 demon whip of venom.
 18032 | D:14     | 18032 ||| SWAPPING to +2 vampiric war axe.
 18174 | D:14     | Reached skill level 15 in Fighting
 18554 | Abyss:2  | Cast into level 2 of the Abyss (a wizard)
 18562 | Abyss:2  | Noticed a bone dragon
 18613 | Abyss:2  | 18613 ||| INVOKING Heroism.
 18616 | Abyss:2  | Killed a bone dragon
 18643 | Abyss:2  | 18643 ||| Stepping ~*~*~tactically~*~*~ (stealth).
 18671 | Abyss:2  | Found a corrupted altar of Lugonu.
 18682 | Abyss:2  | Noticed a tentacled starspawn
 18689 | Abyss:2  | Killed a tentacled starspawn
 18689 | Abyss:2  | Received a gift from Okawaru
 18690 | Abyss:2  | 18690 ||| UPGRADING to +0 tower shield.
 18700 | Abyss:2  | 18700 ||| DROPPING +0 buckler of fire resistance.
 18710 | Abyss:2  | 18710 ||| Stepping ~*~*~tactically~*~*~ (hiding).
 18711 | Abyss:2  | 18711 ||| Stepping ~*~*~tactically~*~*~ (hiding).
 18771 | Abyss:2  | 18771 ||| INVOKING Heroism.
 18781 | Abyss:2  | Received a gift from Okawaru
 18816 | Abyss:2  | Reached XP level 16. HP: 62/86 MP: 23/23
 18821 | Abyss:2  | 18821 ||| INVOKING Heroism.
 18830 | Abyss:2  | Identified the +1 helmet "Besag" {-Tele rN+ Will+++}
                  | (Okawaru gifted it to you on level 2 of the Abyss)
 18830 | Abyss:2  | Received a gift from Okawaru
 18862 | Abyss:2  | Noticed an Executioner
 18864 | Abyss:3  | 18864 ||| Stepping ~*~*~tactically~*~*~ (hiding).
 18884 | Abyss:3  | Identified the +6 ring mail of Anaesthesia {rF+ Slay+5}
 19010 | Abyss:3  | 19010 ||| Stepping ~*~*~tactically~*~*~ (stealth).
 19011 | Abyss:3  | 19011 ||| Stepping ~*~*~tactically~*~*~ (stealth).
 19014 | Abyss:3  | 19014 ||| Stepping ~*~*~tactically~*~*~ (stealth).
 19015 | Abyss:3  | 19015 ||| Stepping ~*~*~tactically~*~*~ (stealth).
 19017 | Abyss:3  | 19017 ||| Stepping ~*~*~tactically~*~*~ (stealth).
 19018 | Abyss:3  | 19018 ||| Stepping ~*~*~tactically~*~*~ (stealth).
 19019 | Abyss:3  | 19019 ||| Stepping ~*~*~tactically~*~*~ (stealth).
 19069 | Abyss:3  | 19069 ||| Stepping ~*~*~tactically~*~*~ (stealth).
 19071 | Abyss:3  | 19071 ||| Stepping ~*~*~tactically~*~*~ (hiding).
 19091 | Abyss:3  | 19091 ||| Stepping ~*~*~tactically~*~*~ (stealth).
 19093 | Abyss:3  | 19093 ||| Stepping ~*~*~tactically~*~*~ (stealth).
 19094 | Abyss:3  | 19094 ||| Stepping ~*~*~tactically~*~*~ (stealth).
 19107 | Abyss:3  | 19107 ||| INVOKING Heroism.
 19110 | Abyss:3  | Paralysed by accursed screaming for 2 turns
 19116 | Abyss:3  | Paralysed by accursed screaming for 1 turns
 19117 | Abyss:3  | HP: 26/108 [starcursed mass/accursed screaming (9)]
 19118 | Abyss:3  | 19118 ||| READING 8 scrolls of teleportation.
 19119 | Abyss:3  | 19119 ||| DRINKING 3 potions of heal wounds.
 19119 | Abyss:3  | Gained mutation: You occasionally lose the ability to read
                  | scrolls when taking damage. [a neqoxec]
 19122 | Abyss:3  | 19122 ||| DRINKING 2 potions of heal wounds.
 19122 | Abyss:3  | Paralysed by accursed screaming for 1 turns
 19122 | Abyss:3  | Gained mutation: Your magical capacity is low. (-10% MP) [a
                  | neqoxec]
 19126 | Abyss:3  | HP: 27/108 [starcursed mass/accursed screaming (7)]
 19127 | Abyss:3  | 19127 ||| DRINKING potion of heal wounds.
 19191 | Abyss:3  | 19191 ||| DRINKING 2 potions of mutation.
 19191 | Abyss:3  | Lost mutation: You have large cloven feet. [potion of
                  | mutation]
 19191 | Abyss:3  | Lost mutation: You occasionally lose the ability to read
                  | scrolls when taking damage. [potion of mutation]
 19191 | Abyss:3  | Gained mutation: You have a pair of small horns on your
                  | head. [potion of mutation]
 19210 | Abyss:3  | 19210 ||| Stepping ~*~*~tactically~*~*~ (stealth).
 19212 | Abyss:3  | 19212 ||| Stepping ~*~*~tactically~*~*~ (stealth).
 19243 | Abyss:3  | 19243 ||| Stepping ~*~*~tactically~*~*~ (stealth).
 19245 | Abyss:3  | 19245 ||| Stepping ~*~*~tactically~*~*~ (stealth).
 19247 | Abyss:3  | 19247 ||| DRINKING 11 potions of curing.
 19247 | Abyss:3  | 19247 ||| (to cure confusion)
 19248 | Abyss:3  | 19248 ||| Stepping ~*~*~tactically~*~*~ (hiding).
 19259 | Abyss:3  | Gained mutation: You have sharp toenails. [a cacodemon]
 19265 | Abyss:3  | Gained mutation: You have sharp fingernails. [a cacodemon]
 19266 | Abyss:3  | Gained mutation: You sometimes lose your temper in combat.
                  | [a cacodemon]
 19345 | Abyss:3  | Noticed a lich
 19346 | Abyss:3  | 19346 ||| INVOKING Heroism.
 19347 | Abyss:3  | 19347 ||| INVOKING Finesse.
 19359 | Abyss:3  | Killed a lich
 19360 | Abyss:3  | Reached skill level 12 in Shields
 19378 | Abyss:3  | 19378 ||| INVOKING Heroism.
 19386 | Abyss:3  | 19386 ||| Stepping ~*~*~tactically~*~*~ (stealth).
 19387 | Abyss:3  | 19387 ||| Stepping ~*~*~tactically~*~*~ (stealth).
 19388 | Abyss:3  | Noticed a tentacled starspawn
 19415 | Abyss:3  | 19415 ||| INVOKING Heroism.
 19417 | Abyss:3  | Killed a tentacled starspawn
 19417 | Abyss:3  | Paralysed by accursed screaming for 1 turns
 19446 | Abyss:3  | 19446 ||| INVOKING Heroism.
 19455 | Abyss:3  | HP: 21/108 [starcursed mass/accursed screaming (8)]
 19456 | Abyss:3  | 19456 ||| READING 7 scrolls of teleportation.
 19478 | Abyss:3  | 19478 ||| Stepping ~*~*~tactically~*~*~ (stealth).
 19506 | Abyss:3  | 19506 ||| DRINKING potion of mutation.
 19506 | Abyss:3  | Lost mutation: You have a somewhat thin skeletal structure.
                  | (Dex +2, Stealth+) [potion of mutation]
 19506 | Abyss:3  | Lost mutation: You have a pair of small horns on your head.
                  | [potion of mutation]
 19515 | Abyss:3  | 19515 ||| Stepping ~*~*~tactically~*~*~ (stealth).
 19519 | Abyss:3  | 19519 ||| Stepping ~*~*~tactically~*~*~ (stealth).
 19550 | Abyss:3  | 19550 ||| Stepping ~*~*~tactically~*~*~ (hiding).
 19573 | Abyss:3  | Noticed a tentacled starspawn
 19573 | Abyss:3  | Noticed a tentacled starspawn
 19579 | Abyss:3  | 19579 ||| INVOKING Heroism.
 19587 | Abyss:3  | Killed a tentacled starspawn
 19600 | Abyss:3  | Killed a tentacled starspawn
 19606 | Abyss:3  | 19606 ||| Stepping ~*~*~tactically~*~*~ (stealth).
 19608 | Abyss:3  | 19608 ||| Stepping ~*~*~tactically~*~*~ (stealth).
 19610 | Abyss:3  | 19610 ||| Stepping ~*~*~tactically~*~*~ (stealth).
 19611 | Abyss:3  | 19611 ||| Stepping ~*~*~tactically~*~*~ (stealth).
 19620 | Abyss:3  | 19620 ||| INVOKING Heroism.
 19620 | Abyss:3  | Noticed an ancient lich
 19621 | Abyss:3  | 19621 ||| INVOKING Finesse.
 19627 | Abyss:3  | 19627 ||| Stepping ~*~*~tactically~*~*~ (hiding).
 19631 | Abyss:3  | 19631 ||| Stepping ~*~*~tactically~*~*~ (stealth).
 19632 | Abyss:3  | 19632 ||| Stepping ~*~*~tactically~*~*~ (stealth).
 19637 | Abyss:3  | 19637 ||| Stepping ~*~*~tactically~*~*~ (stealth).
 19642 | Abyss:3  | 19642 ||| Stepping ~*~*~tactically~*~*~ (stealth).
 19656 | Abyss:3  | Noticed a bone dragon
 19683 | Abyss:3  | Noticed a tentacled starspawn
 19687 | Abyss:3  | 19687 ||| INVOKING Heroism.
 19700 | Abyss:3  | HP: 22/108 [starcursed mass/accursed screaming (12)]
 19700 | Abyss:3  | Slain by a bone dragon

Levels and vault maps discovered:
D:1:      matt_arrival_refuge, layout_loops_ring,
          shapermc_ecumenical_altar_acropolis,
          amcnicky_mini_rare_corridor_liquid
D:2:      layout_rooms, basic_altar, serial_rivers,
          chequers_serial_rivers_large_b, chequers_serial_rivers_micro_e,
          chequers_serial_rivers_small_b, chequers_serial_rivers_room_b,
          chequers_serial_rivers_small_3, minmay_lizard_king, uniq_robin
D:3:      layout_loops_corners, mainiacjoe_overflow_alcove_1
D:4:      layout_gridville, uniq_grinder, uniq_natasha
D:5:      layout_basic, serial_shops, kennysheep_little_box,
          uniq_crazy_yiuf_cottage, uniq_menkaure
D:6:      layout_cave_pods, minmay_temple_entry_from_below_a,
          nicolae_shop_vocational
D:7:      layout_loops_ring, nicolae_uskayaw_dance_hall, serial_shops,
          nicolae_stop_n_shop_1, minmay_manual_macuahuitl, uniq_maggie
D:8:      layout_basic, mainiacjoe_overflow_large_starburst,
          dreamdust_mushroom_princess
D:9:      layout_rooms, mainiacjoe_overflow_alcove_2, orc_0_dummy,
          gammafunk_ghost_ooze, serial_bayou_pond_c, grunt_tough_drop,
          uniq_amaemon, uniq_pikel
D:10:     layout_loops_cross, david_lair_shrubbed, uniq_snorg, uniq_harold
D:11:     layout_basic, bloody_trog
D:12:     layout_basic, minivault_20
D:13:     layout_loops_ring, small_statue_alley_a
D:14:     layout_basic, grunt_vaults_entry_tiered, minmay_misc_feat_square,
          drop_trap, chequers_mini_garden
Temple:   nicolae_temple_bog_church
Lair:1:   layout_roguey, wad_woods_01
Lair:2:   dreamdust_labyrinth, layout_big_grid,
          minmay_snake_entry_guardpost_small, lemuel_fruit_fields,
          lemuel_fruit_fields, serial_bayou_shore_a
Lair:3:   nzn_winding_woodlands_huge [nzn_winding_woodlands_5x15_jagged,
          nzn_winding_woodlands_5x15_garden,
          nzn_winding_woodlands_5x15_sawtooth,
          nzn_winding_woodlands_5x15_crooked,
          nzn_winding_woodlands_5x15_river_crossing,
          nzn_winding_woodlands_5x15_parted, nzn_winding_woodlands_5x15_pool,
          nzn_winding_woodlands_5x15_twine, nzn_winding_woodlands_5x15_pockets,
          nzn_winding_woodlands_5x15_default,
          nzn_winding_woodlands_center_lodge,
          nzn_winding_woodlands_center_triple_pond,
          nzn_winding_woodlands_15x15_killbox], layout_concentric_octagons,
          minmay_shoals_entry_centaurs
Lair:4:   layout_roguey
Lair:5:   grunt_lair_end_beastmaster, layout_cave_shapes,
          minmay_slime_entry_oklob_enclosed
Abyss:3:  base: D:15, hangedman_abyss_or_decor_jellyfish_corner,
          hangedman_abyss_town, grunt_abyss_exit_deep_breaths,
          due_evilmike_abyss_rune_seething_liches, spicy_abyss_rude_harpoons,
          minivault_20

Skill      XL: |  1  2  3  4  5  6  7  8  9 10 11 12 13 14 15 16 |
---------------+-------------------------------------------------+-----
Axes           | 2 3 4 5 6 7 8 9 11 12 13 15 16 | 16.0
Dodging        | 1 2 3 4 5 |  5.0
Fighting       | 4 5 6 8 10 11 13 15 | 15.0
Armour         | 4 5 6 8 9 11 13 | 13.0
Throwing       | 1 2 |  2.1
Shields        | 4 5 6 7 8 9 13 | 13.9
Invocations    | 4 5 9 10 | 10.0

Action                     |  1- 3 |  4- 6 |  7- 9 | 10-12 | 13-15 | 16-18 || total
---------------------------+-------+-------+-------+-------+-------+-------++-------
  Melee: War axe           |    93 |   287 |   270 |   712 |  1553 |   406 ||  3321
         Demon whip        |       |       |       |    24 |    87 |       ||   111
         Headbutt          |       |       |       |       |       |    36 ||    36
  Throw: Boomerang         |       |       |    30 |    18 |     1 |       ||    49
         Javelin           |       |       |       |       |     5 |       ||     5
 Invoke: Heroism           |       |       |       |    21 |    26 |     9 ||    56
         Finesse           |       |       |       |     3 |    11 |     2 ||    16
    Use: Scroll            |     3 |    11 |    14 |     9 |     4 |     2 ||    43
         Potion            |       |       |     1 |     4 |       |     6 ||    11
   Stab: Distracted        |       |       |       |       |       |     1 ||     1
 Armour: Scale mail        |    42 |    67 |       |       |       |       ||   109
         Ring mail         |       |    98 |    26 |       |       |       ||   124
         Skin              |       |     1 |       |       |       |       ||     1
         Chain mail        |       |       |   102 |   432 |   760 |   206 ||  1500
  Dodge: Dodged            |    47 |   148 |    96 |   259 |   688 |   253 ||  1491
  Block: Buckler           |    20 |    37 |    51 |   164 |   370 |       ||   642
         Tower shield      |       |       |       |       |    49 |   426 ||   475

Table legend:
 A = Non-vault XP
 B = Vault XP
 C = Vault XP percentage of total XP
 D = Non-vault monster count
 E = Vault monster count
 F = Vault count percentage of total count
                 A         B        C        D         E       F
            +---------+---------+-------+---------+---------+-------
      Total |  124808 |   37614 |  23.2 |     545 |     122 |  18.3
            +---------+---------+-------+---------+---------+-------
        D:1 |      74 |       0 |   0.0 |      24 |       0 |   0.0
        D:2 |      58 |      43 |  42.6 |      17 |      20 |  54.1
        D:3 |     115 |       0 |   0.0 |      23 |       0 |   0.0
        D:4 |     483 |     307 |  38.9 |      26 |       2 |   7.1
        D:5 |     369 |     172 |  31.8 |      13 |       1 |   7.1
        D:6 |    1072 |       0 |   0.0 |      18 |       0 |   0.0
        D:7 |    1125 |    1731 |  60.6 |      18 |       7 |  28.0
        D:8 |    1337 |       0 |   0.0 |      26 |       0 |   0.0
        D:9 |    3950 |    2713 |  40.7 |      34 |       5 |  12.8
       D:10 |    3783 |    2164 |  36.4 |      21 |       3 |  12.5
       D:11 |    3229 |       0 |   0.0 |      11 |       0 |   0.0
       D:12 |    7058 |    1401 |  16.6 |      29 |       2 |   6.5
       D:13 |    4408 |       0 |   0.0 |      15 |       0 |   0.0
       D:14 |    7714 |    1167 |  13.1 |      14 |       6 |  30.0
     Lair:1 |    3203 |    1314 |  29.1 |      15 |       6 |  28.6
     Lair:2 |    9068 |     652 |   6.7 |      18 |       4 |  18.2
     Lair:3 |    9044 |   13356 |  59.6 |      31 |      42 |  57.5
     Lair:4 |    9338 |       0 |   0.0 |      28 |       0 |   0.0
     Lair:5 |   21548 |   10015 |  31.7 |      49 |      20 |  29.0
    Abyss:2 |   11354 |       0 |   0.0 |      25 |       0 |   0.0
    Abyss:3 |   26478 |    2579 |   8.9 |      90 |       4 |   4.3
            +---------+---------+-------+---------+---------+-------
